 Dungeon Crawl Stone Soup version 0.17-a0-121-gf94917f (webtiles) character file.

168 Ngotmuk the Covered (level 5, 0/49 HPs)
             Began as a Deep Dwarf Fighter on Mar 22, 2015.
             Slain by Prince Ribbit (6 damage)
             ... on level 4 of the Dungeon.
             The game lasted 00:16:41 (2358 turns).

Ngotmuk the Covered (Deep Dwarf Fighter)            Turns: 2358, Time: 00:16:41

Health: 0/49       AC: 12    Str: 21    XL:     5   Next: 23%
Magic:  5/5        EV:  8    Int:  8    God:
Gold:   99         SH:  9    Dex: 12    Spells: 0 memorised, 4 levels left

rFire  + . .     SeeInvis .     a - +0 flail
rCold  + . .     Clarity  .     b - +0 scale mail
rNeg   . . .     SustAb   .     c - +0 shield
rPois  .         Gourm    .     g - +2 helmet
rElec  .         Spirit   .     (no cloak)
rCorr  .         Warding  .     y - +1 pair of gloves
rMut   .         Stasis   .     (no boots)
MR     .....                    (no amulet)
Stlth  ..........               x - ring of protection from cold
                                w - ring of protection from fire

@: non-regenerating, not resistant to hostile enchantments, extremely unstealthy
A: damage resistance, recharge devices, sense surroundings 1, slow healing 3
a: Device Recharging


You were on level 4 of the Dungeon.
You were not hungry.

You visited 1 branch of the dungeon, and saw 5 of its levels.

You collected 99 gold pieces.

Inventory:

Hand weapons
 a - a +0 flail (weapon)
Armour
 b - a +0 scale mail (worn)
 c - a +0 shield (worn)
 g - a +2 helmet (worn)
 y - a +1 pair of gloves (worn)
Jewellery
 w - a ring of protection from fire (left hand)
 x - a ring of protection from cold (right hand)
Magical devices
 d - a wand of heal wounds (4)
 z - a wand of confusion (21)
Scrolls
 i - 2 scrolls of identify {unknown}
 l - 6 scrolls of remove curse {unknown}
 m - 2 scrolls of enchant armour {unknown}
 n - 2 scrolls of blinking {unknown}
 o - a scroll of recharging {unknown}
 q - 2 scrolls of teleportation {unknown}
 s - 2 scrolls of amnesia {unknown}
 v - a scroll of noise {unknown}
 B - a scroll of magic mapping {unknown}
 C - a scroll of fog {unknown}
Potions
 e - a potion of might
 p - a potion of magic {unknown}
 r - 3 potions of poison {unknown}
 t - a potion of restore abilities {unknown}
 u - a potion of heal wounds {unknown}
 A - a potion of curing {unknown}
 E - a potion of invisibility {unknown}
Books
 D - a book of Air

   Spells                             Type                      Level
   a - Shock                          Conjuration/Air              1
   b - Swiftness                      Charms/Air                   2
   c - Repel Missiles                 Charms/Air                   2
   d - Flight                         Charms/Air                   3
   e - Static Discharge               Conjuration/Air              3
   f - Lightning Bolt                 Conjuration/Air              5
Comestibles
 f - 3 bread rations
 h - 6 fruits
 j - 3 beef jerkies
 k - 3 slices of pizza


   Skills:
 + Level 3.4 Fighting
 + Level 2.8 Maces & Flails
 + Level 4.3 Armour
 + Level 2.1 Dodging
 + Level 4.0 Shields


You had 4 spell levels left.
You didn't know any spells.

Dungeon Overview and Level Annotations

Branches:
Dungeon (5/15)
 Temple: D:4-7

Altars:
Ru

Shops:
D:4 [

Annotations:
D:4 Prince Ribbit


Innate Abilities, Weirdness & Mutations

You are resistant to damage.
You can recharge devices by infusing magical energy.
You passively map a small area around you.
You do not heal naturally.


Message History

You are too injured to fight recklessly!
You are too injured to fight recklessly!
You are too injured to fight recklessly!
You are too injured to fight recklessly!
You completely miss Prince Ribbit. You block Prince Ribbit's attack.
Prince Ribbit hops awkwardly around.
Prince Ribbit hits you but does no damage.
You miss Prince Ribbit.
Prince Ribbit blinks!
You block Prince Ribbit's attack.
You completely miss Prince Ribbit.
Prince Ribbit hits you but does no damage.
You block Prince Ribbit's attack.
Prince Ribbit momentarily phases out as your attack passes through him.
You block Prince Ribbit's attack. Prince Ribbit hits you!
You miss Prince Ribbit. Prince Ribbit hits you.
* * * LOW HITPOINT WARNING * * *
Prince Ribbit hits you!
* * * LOW HITPOINT WARNING * * *
You completely miss Prince Ribbit. Prince Ribbit hits you!
You die...

#.# .##
#.# ..#
#.# #.#
#.# #.#
#.# #.#
#.## #.#
#..# #.#
##.# #F#
##.# #@#
##.# #.#
##.# #.#
...# #[#
#######
#.#
......#
##.##
#####.#
####...#
#.#
#.....>#
#.#
#..#...#


You could see Prince Ribbit.

Vanquished Creatures
  A giant frog zombie (D:3)
  A giant frog skeleton (D:4)
  4 adders
  A giant mite (D:4)
  2 adder skeletons (D:4)
  2 orcs (D:4)
  A ball python (D:3)
  A giant cockroach (D:4)
  6 hobgoblins
  4 jackals (D:1)
  A quokka (D:4)
  14 bats
  2 giant geckos (D:3)
  5 giant newts
  4 goblins
  A jackal skeleton (D:4)
  6 kobolds
  7 rats
63 creatures vanquished.

Notes
Turn   | Place    | Note
--------------------------------------------------------------
     0 | D:1      | Ngotmuk, the Deep Dwarf Fighter, began the quest for the Orb.
     0 | D:1      | Reached XP level 1. HP: 20/20 MP: 1/1
   357 | D:1      | Reached skill level 1 in Dodging
   357 | D:1      | Reached XP level 2. HP: 25/27 MP: 2/2
   848 | D:2      | Reached XP level 3. HP: 26/33 MP: 3/3
  1509 | D:3      | Reached skill level 4 in Armour
  1509 | D:3      | Reached XP level 4. HP: 32/42 MP: 4/4
  1912 | D:4      | Found Qoch's Antique Armour Emporium.
  2028 | D:4      | Reached XP level 5. HP: 35/49 MP: 5/5
  2309 | D:4      | Noticed Prince Ribbit
  2327 | D:5      | Entered Level 5 of the Dungeon
  2327 | D:5      | Found a sacrificial altar of Ru.
  2336 | D:4      | HP: 1/49 [Prince Ribbit (13)]
  2358 | D:4      | Slain by Prince Ribbit

Action                   |  1- 3 |  4- 6 || total
-------------------------+-------+-------++-------
Melee: Flail             |   128 |   111 ||   239
Evoke: Wand              |       |     1 ||     1
  Eat: Royal jelly       |     1 |       ||     1
       Meat ration       |       |     1 ||     1
